 Dungeon Crawl Stone Soup version 0.28.0-53-g5a82cb258f (webtiles) character file.

Game seed: 10769992965757550591

1 issech the Chopper (level 1, -5/19 HPs)
             Began as a Minotaur Monk on June 13, 2022.
             Slain by a kobold
             ... wielding a +1 whip of electrocution
              (19 damage)
             ... on level 1 of the Dungeon.
             The game lasted 00:00:36 (80 turns).

issech the Chopper (Minotaur Monk)                    Turns: 80, Time: 00:00:38

Health: -5/19      AC:  4    Str: 15    XL:     1   Next: 16%
Magic:  0/0        EV: 12    Int:  7    God:
Gold:   26         SH:  0    Dex: 12    Spells: 0/0 levels left

rFire   . . .      SeeInvis .   a - +0 hand axe
rCold   . . .      Faith    .   (no shield)
rNeg    . . .      Spirit   .   b - +0 robe
rPois   .          Reflect  .   (helmet restricted)
rElec   .          Harm     .   c - +1 cloak
rCorr   .          Rampage  .   (no gloves)
Will    .....                   (no boots)
Stlth   +.........              (no amulet)
HPRegen 0.06/turn               (no ring)
MPRegen 0.07/turn               (no ring)

@: very slow
A: horns 2, retaliatory headbutt
a: no special abilities


You were on level 1 of the Dungeon.
You visited 1 branch of the dungeon, and saw 1 of its levels.

You collected 26 gold pieces.

Inventory:

Hand Weapons
 a - a +0 hand axe (weapon)
Armour
 b - a +0 robe (worn)
 c - a +1 cloak (worn)


   Skills:
 + Level 3.6 Fighting
 + Level 3.7 Axes
 + Level 3.2 Dodging
 + Level 1.5 Stealth


You couldn't memorise any spells.
You didn't know any spells.
Your spell library was empty.

Dungeon Overview and Level Annotations

Branches:
Dungeon (1/15)

Altars:


Innate Abilities, Weirdness & Mutations

You have a pair of horns on your head.
You reflexively headbutt those who attack you in melee.


Message History

You see here a +1 cloak.
You start putting on your armour.
You continue putting on your +1 cloak. x4
You finish putting on your +1 cloak.
You now have 16 gold pieces.
A hobgoblin comes into view.
The hobgoblin shouts!
The hobgoblin hits you.
You hit the hobgoblin but do no damage. The hobgoblin hits you.
You hit the hobgoblin.
The hobgoblin is almost dead.
The hobgoblin hits you.
You closely miss the hobgoblin.
The hobgoblin is almost dead.
The hobgoblin hits you.
You closely miss the hobgoblin.
The hobgoblin is almost dead.
The hobgoblin closely misses you. You furiously retaliate!
You headbutt the hobgoblin.
You kill the hobgoblin!
Found 10 gold pieces.
You see here a hobgoblin corpse.
You hear a splashing noise.
Something hits the plant.
The plant begins to die.
Something hits the plant.
The plant begins to die.
You now have 26 gold pieces (gained 10).
You hear a splashing noise.
Something completely misses the plant.
Something hits the plant.
The plant begins to die.
A nearby plant withers and dies.
A kobold comes into view.
It is wielding a +1 whip of electrocution.
The kobold shouts!
You enter the shallow water.
Moving in this stuff is going to be slow.
You closely miss the kobold. You hit the plant but do no damage.
You hit the plant.
The plant begins to die.
The kobold hits you but does no damage.
The kobold hits you with a +1 whip of electrocution.
You are electrocuted!!
Ouch! That really hurt!
You die...

##.# ...... .
##..####...# ..
#........#.
...##......#..# ######
...........##.# #.P≈≈≈≈≈
..##......##.###..P≈≈≈≈
#......##...##..P≈≈≈
#..≈♣♣..†##.##...P≈≈
#.P@♣♣≈#.##.##....P≈
.....♣♣PK≈≈♣P##.##.....P
...≈♣ ♣P≈≈≈♣♣♣#.........
##.≈ ≈≈≈≈♣≈≈≈ #.#......<
#. ≈≈≈≈≈≈≈≈≈♣P.##......
. ≈≈≈♣≈≈P♣≈≈♣.##.....P
≈♣≈≈≈≈≈P≈♣♣.##....P≈ P≈
≈≈≈≈≈≈♣.##...P≈≈ ≈≈♣
♣≈.#..P≈≈≈


You could see a kobold.

Vanquished Creatures
  A hobgoblin (D:1)
1 creature vanquished.

Vanquished Creatures (others)
  7 plants (D:1)
7 creatures vanquished.

Grand Total: 8 creatures vanquished

Notes
Turn   | Place    | Note
-------+----------+-------------------------------------------
     0 | D:1      | issech the Minotaur Monk began the quest for the Orb.
     0 | D:1      | Reached XP level 1. HP: 19/19 MP: 0/0
    80 | D:1      | Slain by a kobold

Illustrated notes

Levels and vault maps discovered:
D:1:      eino_arrival_druids_welcome, layout_rooms, serial_bayou,
          serial_bayou_shore_a, serial_bayou_pond_d, serial_bayou_lake_a,
          serial_bayou_ford_a, hellmonk_ecumenical_altar_inner_sanctum

Action                   || total
-------------------------++-------
Melee: Hand axe          ||     5
Armor: Robe              ||     1
Dodge: Dodged            ||     1
